 Dungeon Crawl Stone Soup version 0.21.1-1-g345015f (webtiles) character file.

15 equizz the Magician (level 2, 0/22 HPs)
             Began as a Naga Wizard on June 12, 2018.
             Slain by a hobgoblin (4 damage)
             ... on level 1 of the Dungeon.
             The game lasted 00:04:53 (308 turns).

equizz the Magician (Naga Wizard)                    Turns: 308, Time: 00:04:54

Health: 0/22       AC:  1    Str:  9    XL:     2   Next: 50%
Magic:  0/6        EV: 10    Int: 18    God:
Gold:   69         SH:  0    Dex:  9    Spells: 0/7 levels left

rFire    . . .     SeeInvis +   (no weapon)
rCold    . . .     Gourm    .   (no shield)
rNeg     . . .     Faith    .   a - +0 robe
rPois    +         Spirit   .   b - +0 hat
rElec    .         Reflect  .   (no cloak)
rCorr    .         Harm     .   (no gloves)
MR       +....                  (no barding)
Stlth    ++........             (no amulet)
HPRegen  0.07/turn              f - ring of protection from magic
MPRegen  0.10/turn              (no ring)

@: very slightly contaminated, very slow
A: large, see invisible, deformed body, poison resistance, slowness 2, slow
metabolism 1, spit poison 1, AC +0
a: Spit Poison


You were on level 1 of the Dungeon.
You were not hungry.

You visited 1 branch of the dungeon, and saw 1 of its levels.

You collected 69 gold pieces.

Inventory:

Armour
 a - a +0 robe (worn)
 b - a +0 hat (worn)
Jewellery
 f - a ring of protection from magic (left hand)
Scrolls
 e - a scroll of enchant weapon {unknown}
Potions
 g - a potion of cancellation {unknown}
Books
 c - a book of Minor Magic

   Spells                             Type                      Level
   a - Magic Dart                     Conjuration                  1
   b - Blink                          Translocation                2
   c - Call Imp                       Summoning                    2
   d - Slow                           Hexes                        2
   e - Conjure Flame                  Conjuration/Fire             3
   f - Mephitic Cloud                 Conjuration/Poison/Air       3
Comestibles
 d - a ration


   Skills:
 + Level 1.9 Dodging
 + Level 3.0 Stealth
 + Level 0.9 Unarmed Combat
 + Level 3.2 Spellcasting
 + Level 1.0 Conjurations
 + Level 1.0 Summonings
 + Level 1.0 Translocations


You couldn't memorise any spells.
You knew the following spells:

 Your Spells              Type           Power        Failure   Level  Hunger
a - Magic Dart            Conj           #...         11%         1    None
b - Blink                 Tloc           N/A          16%         2    ##.....
c - Call Imp              Summ           #.......     16%         2    ##.....
d - Slow                  Hex            #.......     24%         2    ##.....


Dungeon Overview and Level Annotations

Branches:
Dungeon (1/15)

Altars:


Innate Abilities, Weirdness & Mutations

You cannot wear boots.
Your serpentine skin is tough. (AC +0)
You have supernaturally acute eyesight. (SInv)
Armour fits poorly on your strangely shaped body.
Your system is resistant to poisons. (rPois)
You cover ground very slowly.
You have a slow metabolism.
You can spit poison.


Message History

The hobgoblin is heavily wounded.
The hobgoblin barely misses you.
You barely miss the hobgoblin.
The hobgoblin is moderately wounded.
The hobgoblin hits you.
* * * LOW HITPOINT WARNING * * *
Casting: Magic Dart
Confirm with . or Enter, or press ? or * to list all spells.
A beastly little devil appears in a puff of flame.
The hobgoblin hits you.
* * * LOW HITPOINT WARNING * * *
You swap places.
The hobgoblin barely misses your crimson imp.
Your crimson imp hits the hobgoblin but does no damage.
The hobgoblin barely misses your crimson imp.
Your crimson imp hits the hobgoblin but does no damage.
The hobgoblin closely misses your crimson imp.
Your crimson imp blinks!
The hobgoblin hits you.
You die...

### ..# #.# #.# #.# #.#
#.# ## #########.####
...##......†@..#####.#
###.##......5.g.>......
####.#..........##r#####.
..#.#.###.....#.##.#
#..###........#.##....#
..#.#.########..###..gr...
####.# .... .#.##.# # ###
#.### ##.# ### .# #


You could see a hobgoblin, a rat and a friendly crimson imp.

Vanquished Creatures
  An ooze (D:1)
  A dart slug (D:1)
  2 kobolds (D:1)
  3 bats (D:1)
  2 frilled lizards (D:1)
  2 rats (D:1)
11 creatures vanquished.

Notes
Turn   | Place    | Note
-------+----------+-------------------------------------------
     0 | D:1      | equizz the Naga Wizard began the quest for the Orb.
     0 | D:1      | Reached XP level 1. HP: 15/15 MP: 4/4
   127 | D:1      | Reached XP level 2. HP: 19/22 MP: 1/6
   131 | D:1      | Learned a level 2 spell: Blink
   134 | D:1      | Learned a level 2 spell: Call Imp
   137 | D:1      | Learned a level 2 spell: Slow
   308 | D:1      | Slain by a hobgoblin

Action                   || total
-------------------------++-------
Melee: Unarmed           ||    30
 Cast: Magic Dart        ||    18
       Call Imp          ||     1
Armor: Robe              ||     2
Dodge: Dodged            ||    17
